 Dungeon Crawl Stone Soup version 0.30.1-4-g462c640d31 (webtiles) character file.

Game seed: 18409172863349469995

35 Gorgoleon the Magician (level 3, -3/19 HPs)
             Began as a Deep Elf Hedge Wizard on Aug 19, 2023.
             Slain by Sigmund
             ... wielding a +0 scythe
              (12 damage)
             ... on level 2 of the Dungeon.
             The game lasted 00:05:42 (1428 turns).

Gorgoleon the Magician (Deep Elf Hedge Wizard)      Turns: 1428, Time: 00:05:42

Health: -3/19      AC:  2    Str:  7    XL:     3   Next: 17%
Magic:  9/10       EV: 12    Int: 20    God:
Gold:   48         SH:  0    Dex: 14    Spells: 2/10 levels left

rFire   . . .        e - +0 short sword
rCold   . . .        (no shield)
rNeg    . . .        b - +0 robe
rPois   .            c - +0 hat
rElec   .            (no cloak)
rCorr   .            (no gloves)
SInv    .            (no boots)
Will    .....        (no amulet)
Stlth   +            (no ring)
HPRegen 0.23/turn    (no ring)
MPRegen 0.12/turn

%: no passive effects
@: confused, mighty
A: no striking features
a: no special abilities


You were on level 2 of the Dungeon.
You visited 1 branch of the dungeon, and saw 2 of its levels.

You collected 48 gold pieces.

Inventory:

Hand Weapons
 e - a +0 short sword (weapon)
Armour
 b - a +0 robe (worn)
 c - a +0 hat (worn)
Scrolls
 a - a scroll of vulnerability {unknown}
 g - a scroll of identify {unknown}
Potions
 d - a potion of magic


   Skills:
 - Level 2.4 Dodging
 - Level 2.4 Stealth
 - Level 4.4 Spellcasting
 * Level 1.8 Conjurations
 * Level 1.5 Hexes
 - Level 2.0 Summonings
 * Level 0.5 Necromancy
 * Level 1.6 Translocations
 * Level 0.2 Air Magic
 * Level 0.3 Poison Magic


You had 2 spell levels left.
You knew the following spells:

 Your Spells              Type           Power      Damage    Failure   Level
a - Magic Dart            Conj           44%        1d5       6%          1
b - Slow                  Hex            40%        N/A       7%          1
c - Call Imp              Summ           24%        N/A       9%          2
d - Blink                 Tloc           22%        N/A       10%         2
e - Cigotuvi's Dreadful   Necr/Pois/Air  10%        N/A       16%         2

Your spell library contained the following spells:

 Spells                   Type           Power      Damage    Failure   Level
 Mephitic Cloud           Conj/Pois/Air  7%         N/A       26%         3


Dungeon Overview and Level Annotations

Branches:
Dungeon (2/15)

Altars:

Annotations:
D:2 Sigmund


Message History

Casting: Magic Dart (safe; 6% risk of failure)
Confirm with . or Enter, or press ? or * to list all spells.
A tiny devil pulls itself out of the air.
Sigmund casts a spell at you.
You are confused.
Your cerulean imp closely misses Sigmund.
You're too confused to cast spells.
Okay, then.
Are you sure you want to stumble around while confused and next to your cerulean imp?
Uppercase [Y]es or [N]o only, please.
Are you sure you want to stumble around while confused and next to your cerulean imp?
Sigmund gestures at you while chanting.
You are more confused.
Your cerulean imp closely misses Sigmund.
Sigmund barely misses you.
Your cerulean imp completely misses Sigmund.
Are you sure you want to stumble around while confused and next to your cerulean imp?
Okay, then.
You are too confused!
It was a potion of might.
You feel very mighty all of a sudden.
Sigmund hits you from afar with a +0 scythe!
Your cerulean imp hits Sigmund but does no damage.
Your cerulean imp hits Sigmund but does no damage.
Sigmund closely misses you.
Your cerulean imp closely misses Sigmund.
Are you sure you want to stumble around while confused and next to your cerulean imp? [Y]es or [N]o only, please.
Are you sure you want to stumble around while confused and next to your cerulean imp? [Y]es or [N]o only, please.
Are you sure you want to stumble around while confused and next to your cerulean imp? [Y]es or [N]o only, please.
Are you sure you want to stumble around while confused and next to your cerulean imp?
Okay, then.
Sigmund closely misses you.
Your cerulean imp hits Sigmund with a -3 spear.
Your cerulean imp barely misses Sigmund.
Sigmund hits you from afar with a +0 scythe!
Ouch! That really hurt!
You die...

... #.# ###### ......
# #.# #..... ..... @#
#.# #..... .... ###.
#.# #..... ... . #..
#.# #..... .. ..
#.#####.# #..... .#
.#
#.@5....########(....
.# .#
#...@........>.'.....
.###.#
##..........####.....
.....# #..).......#
#..... .....#
#..........# #####.
.....+ ............#
...... ...<.#
.............# ......
.#####
#.............#
....... .#
#.............#
....... ##
#.............
.....#.


You could see Sigmund (ally target) and a friendly cerulean imp (summoned).

Vanquished Creatures
  A dart slug (D:1)
  3 bats (D:1)
  4 endoplasms (D:1)
  A giant cockroach (D:1)
  2 goblins
  2 hobgoblins (D:1)
  3 jackals (D:2)
  2 kobolds (D:1)
  2 quokkas (D:1)
  A ball python (D:1)
  11 frilled lizards (D:1)
32 creatures vanquished.

Notes
Turn   | Place    | Note
-------+----------+-------------------------------------------
     0 | D:1      | Gorgoleon the Deep Elf Hedge Wizard began the quest for the
                  | Orb.
     0 | D:1      | Reached XP level 1. HP: 10/10 MP: 7/7
     2 | D:1      | Learned a level 1 spell: Slow
   207 | D:1      | Reached skill level 1 in Hexes
   267 | D:1      | Reached XP level 2. HP: 15/15 MP: 7/9
   301 | D:1      | Learned a level 2 spell: Call Imp
   304 | D:1      | Learned a level 2 spell: Blink
   307 | D:1      | Learned a level 2 spell: Cigotuvi's Dreadful Rot
   942 | D:1      | Reached XP level 3. HP: 19/19 MP: 6/10
  1243 | D:2      | Found a faded altar of an unknown god.
  1415 | D:2      | Noticed Sigmund
  1428 | D:2      | Slain by Sigmund

Illustrated notes

Levels and vault maps discovered:
D:1:      lightli_arrival_farm, layout_basic, minmay_lizard_pond
D:2:      minmay_razor_zed, layout_basic, serial_shops, nicolae_shop_dealshenge,
          chequers_ecumenical_altar_twisty, grunt_ministairs_3, uniq_sigmund

Skill      XL: |  1  2 |
---------------+-------+-----
Hexes          | 1 |  1.5
Summonings     | 2 |  2.0
Dodging        | |  2.4
Stealth        | |  2.4
Spellcasting   | |  4.4
Conjurations   | |  1.8
Necromancy     | |  0.5
Translocations | |  1.6
Air Magic      | |  0.2
Poison Magic   | |  0.3

Action                     || total
---------------------------++-------
  Melee: Short sword       ||    28
   Cast: Magic Dart        ||    64
         Call Imp          ||     1
    Use: Potion            ||     1
 Armour: Robe              ||     8
  Dodge: Dodged            ||    25
